 Dungeon Crawl Stone Soup version 0.26-a0-651-gb41185065b (webtiles) character file.

Game seed: 9259508167226462637

4995 Irenicus the Geomancer (level 10, -8/75 HPs)
             Began as a Deep Dwarf Earth Elementalist on Oct 5, 2020.
             Was an Elder of Makhleb.
             Killed from afar by a worker ant (21 damage)
             ... with an exploding inner flame
             ... hexed by the player character
             ... on level 9 of the Dungeon.
             The game lasted 00:28:09 (3683 turns).

Irenicus the Geomancer (DDEE)                       Turns: 3683, Time: 00:28:10

Health: -8/75      AC:  7    Str: 13    XL:     10   Next: 29%
Magic:  2/23       EV:  6    Int: 24    God:    Makhleb [****..]
Gold:   659        SH:  0    Dex: 13    Spells: 16/28 levels left

rFire    . . .     SeeInvis .   x - +2 dagger (speed)
rCold    + . .     Faith    .   (no shield)
rNeg     . . .     Spirit   .   h - +0 ring mail
rPois    .         Reflect  .   g - +1 hat
rElec    .         Harm     .   (no cloak)
rCorr    .         Rampage  .   (no gloves)
MR       +....                  e - +0 pair of boots
Stlth    +.........             (no amulet)
HPRegen  0.00/turn              C - +6 ring of intelligence
MPRegen  0.18/turn              s - ring of protection from cold {rC+, !d}

@: lethally poisoned (-8 -> -8), marked, held, non-regenerating
A: damage resistance, heal wounds, sense surroundings 2, no regeneration
a: Heal Wounds, Minor Destruction, Lesser Servant of Makhleb, Major Destruction,
Renounce Religion


You were on level 9 of the Dungeon.
You worshipped Makhleb.
Makhleb was greatly pleased with you.
You visited 2 branches of the dungeon, and saw 10 of its levels.
You also visited: Sewer.

You collected 659 gold pieces.

Inventory:

Hand Weapons
 x - a +2 dagger of speed (weapon)
   (You took it off an orc on level 3 of the Dungeon)
Missiles
 b - 70 stones (quivered)
Armour
 e - a +0 pair of boots (worn)
   (You found it on level 1 of the Dungeon)
 g - a +1 hat (worn)
   (You found it on level 4 of the Dungeon)
 h - a +0 ring mail (worn)
   (You found it in a sewer)
Jewellery
 o - an uncursed ring of see invisible {sInv, !d}
   (You found it on level 4 of the Dungeon)
 s - a ring of protection from cold (right hand) {rC+, !d}
   (You found it on level 4 of the Dungeon)
 C - a +6 ring of intelligence (left hand)
   (You found it on level 7 of the Dungeon)
Wands
 z - a wand of acid (7)
   (You found it on level 6 of the Dungeon)
 A - a wand of digging (5)
   (You found it on level 6 of the Dungeon)
 D - a wand of flame (7)
   (You found it on level 7 of the Dungeon)
Scrolls
 a - a scroll of fear {unknown}
 j - 3 scrolls of fog
 k - 2 scrolls of enchant armour {unknown}
 m - 2 scrolls of blinking {unknown}
 n - 3 scrolls of teleportation {unknown}
 q - 2 scrolls of remove curse
 v - 2 scrolls of immolation {!r}
 w - 5 scrolls of identify
 y - 2 scrolls of noise {unknown}
 E - a scroll of amnesia {unknown}
 F - a scroll of silence {unknown}
 G - a scroll of torment {unknown}
 I - a scroll of enchant weapon {unknown}
Potions
 c - 2 potions of brilliance
 d - a potion of cancellation {unknown}
 f - 3 potions of stabbing
 i - 8 potions of curing
 l - 4 potions of might
 p - 6 potions of heal wounds
 r - a potion of flight {unknown}
 t - 3 potions of lignification {unknown}
 u - 4 potions of degeneration {unknown}
 B - a potion of haste
 H - 2 potions of ambrosia {unknown}


   Skills:
 - Level 2.1 Dodging
 - Level 2.4 Stealth
 + Level 9.5 Spellcasting
 - Level 3.0 Translocations
 - Level 0.8 Transmutations
 - Level 13.1 Earth Magic


You had 16 spell levels left.
You knew the following spells:

 Your Spells              Type           Power        Failure   Level
a - Sandblast             Erth           ######       1%          1
g - Apportation           Tloc           ####..       3%          1
w - Passwall              Tmut/Erth      #####...     1%          2
x - Stone Arrow           Conj/Erth      #####.       2%          3
z - Lee's Rapid Deconstr  Erth           ######....   1%          5

Your spell library contained the following spells:

 Spells                   Type           Power        Failure   Level
 Petrify                  Tmut/Erth      #####...     7%          4
 Lesser Beckoning         Tloc           ####......   11%         3
 Foxfire                  Conj/Fire      ##..         12%         1
 Tukima's Dance           Hex            ##......     36%         3
 Cause Fear               Hex            ##........   77%         4
 Alistair's Intoxication  Tmut/Pois      ##.......    96%         5
 Yara's Violent Unravell  Hex/Tmut       ##........   96%         5
 Silence                  Hex/Air        ##........   98%         5
 Invisibility             Hex            ##......     100%        6
 Discord                  Hex            ##........   100%        8


Dungeon Overview and Level Annotations

Branches:
Dungeon (9/15)             Temple (1/1) D:6           Sewer (visited)
   Lair: D:8-11         Orc: D:9-12

Altars:
Dithmenos
Fedhas
Gozag
Makhleb
Okawaru
Sif Muna
Vehumet

Annotations:
D:4 3 runed translucent doors, p0werm0de's ghost, amateur GrFi
D:9 Harold


Innate Abilities, Weirdness & Mutations

You are resistant to damage.
You can heal yourself by infusing magical energy.
You passively map the area around you.
You do not regenerate.


Message History

Harold is lightly wounded.
b - 72 stones Harold is engulfed in blazing flames.
Flame seeps out of Harold.
Harold hits you but does no damage.
Casting: Sandblast (safe; 1% risk of failure)
Confirm with . or Enter, or press ? or * to list all spells.
Aiming: Sandblast (safe; 1% risk of failure)
Press: ? - help, Shift-Dir - straight line, f/p - Harold
Aim: Harold, wielding a +0 flail, wearing a +0 scale mail and quivering a throwing net (flame, lightly wounded, inner flame)
The blast of sand hits Harold.
Flame seeps out of Harold.
Harold is moderately wounded.
b - 71 stones The worker ant bites you but does no damage.
Harold is engulfed in blazing flames.
Flame seeps out of Harold.
Harold hits you with a +0 flail.
You take 2 damage, and have 38/75 hp.
You now have 3/23 mp.
Casting: Sandblast (safe; 1% risk of failure)
Confirm with . or Enter, or press ? or * to list all spells.
Press: ? - help, Shift-Dir - straight line, f - orc wizard, p - Harold
Aim: an orc wizard, wielding a +0 dagger and wearing a +0 robe (severely wounded, fast, inner flame)
The blast of sand hits Harold!!
Flame seeps out of Harold.
Harold is severely wounded.
b - 70 stones You are no longer poisoned.
The worker ant bites you.
The worker ant bites you but does no damage.
Harold is engulfed in blazing flames.
Flame seeps out of Harold.
Harold gestures at you while chanting.
You barely resist.
A troll comes into view.
You take 2 damage, and have 36/75 hp.
You now have 2/23 mp.
You struggle against the net.
The orc wizard casts a spell.
The orc wizard blinks!
The worker ant bites you but does no damage.
The worker ant bites you. The orc wizard casts a spell at you.
The magic dart hits you. Harold hits you with a +0 flail!
The worker ant bites you.
You are poisoned.
The worker ant poisons you! The worker ant bites you.
You take 12 damage, and have 24/75 hp.
You struggle against the net.
The orc wizard hits you but does no damage.
The worker ant bites you!
* * * LOW HITPOINT WARNING * * *
The worker ant barely misses you. Harold hits you with a +0 flail!!
* * * LOW HITPOINT WARNING * * *
You take 21 damage, and have 3/75 hp.
MASSIVE DAMAGE!!
Okay, then.
Okay, then.
You feel much better.
The orc wizard hits you but does no damage.
The worker ant bites you. x2
The orc wizard hits you but does no damage.
You regained 20 hp, and now have 23/75 hp.
You struggle against the net.
The orc wizard hits you with a +0 dagger.
Harold hits you with a +0 flail!
* * * LOW HITPOINT WARNING * * *
The worker ant bites you but does no damage. x2
You take 7 damage, and have 16/75 hp.
Casting: Sandblast (safe; 1% risk of failure)
Confirm with . or Enter, or press ? or * to list all spells.
Aiming: Sandblast (safe; 1% risk of failure)
Press: ? - help, Shift-Dir - straight line, f/p - orc wizard
Aim: an orc wizard, wielding a +0 dagger and wearing a +0 robe (severely wounded, fast, inner flame)
Okay, then.
You feel much better.
The orc wizard hits you but does no damage.
The worker ant bites you but does no damage. x2
Harold casts a spell at you. The mark upon you grows brighter.
The orc wizard gestures at you while chanting.
The magic dart hits you!
You regained 17 hp, and now have 33/75 hp.
Casting: Sandblast (safe; 1% risk of failure)
Confirm with . or Enter, or press ? or * to list all spells.
Aiming: Sandblast (safe; 1% risk of failure)
Press: ? - help, Shift-Dir - straight line, f/p - orc wizard
Aim: an orc wizard, wielding a +0 dagger and wearing a +0 robe (severely wounded, fast, inner flame)
The blast of sand hits the orc wizard!
The orc wizard explodes!
The fiery explosion engulfs the worker ant!!
The worker ant explodes!
The fiery explosion engulfs the worker ant!!
The worker ant explodes!
The fiery explosion engulfs you!!
* * * LOW HITPOINT WARNING * * *
The fiery explosion engulfs the adder skeleton!!
The adder skeleton explodes!
The fiery explosion engulfs the orc!!
You kill the orc!
Makhleb accepts your kill. x2
You feel a bit more experienced. Makhleb accepts your kill.
You feel better. Makhleb accepts your kill.
You feel better. The fiery explosion engulfs you!!
You die...

..................., , *
........†........##..#
.....................# *
.#.....)............. ,,
.................... , ,
..............##... , , ,
............#.....,*## ,,
##...........##@.# ..#. ,
##.#.........##§@#...o. ,
##.##...)......§§§§.....
....###.......§§#§§§....,
,
##..##......###.#.......,
,
##..............##..(...
,
.##.#...........#*......,
..###........#### ######
* .............# ,,, , ,,
, ..###..#.....# , , * ,
,


You could see Harold (inner flame).

Vanquished Creatures
  2 two-headed ogres (D:9)
  A centaur zombie (D:9)
  A troll (D:9)
  A hippogriff (D:9)
  A wyvern (D:8)
  Eustachio (D:6)
  4 vampire mosquitoes (D:8)
  A water moccasin (D:9)
  An orc warrior (D:7)
  A sky beast (D:7)
  2 black bears
  2 ogres
  5 big kobolds
  2 scorpions
  A howler monkey (D:3)
  A bullfrog zombie (D:6)
  A quasit (D:9)
  2 hounds
  4 orc priests
  A centaur skeleton (D:4)
  3 jellies
  A gnoll shaman (D:9)
  3 iguanas
  5 worker ants
  6 orc wizards
  A hound skeleton (D:5)
  5 gnolls
  A river rat (D:4)
  5 adders
  A howler monkey skeleton (D:4)
  A shadow imp (D:8)
  5 white imps
  2 ufetubi
  3 oozes
  An adder skeleton (D:9)
  7 worms
  A dart slug (D:2)
  6 leopard geckos
  32 orcs
  7 giant cockroaches
  4 goblins
  7 hobgoblins
  4 jackals
  4 quokkas
  2 ball pythons (Sewer)
  9 bats
  8 frilled lizards
  26 kobolds
  A leopard gecko zombie (D:8)
  A quokka skeleton (D:4)
  15 rats
212 creatures vanquished.

Vanquished Creatures (others)
  4 plants (Sewer)
4 creatures vanquished.

Grand Total: 216 creatures vanquished

Notes
Turn   | Place    | Note
-------+----------+-------------------------------------------
     0 | D:1      | Irenicus the Deep Dwarf Earth Elementalist began the quest
                  | for the Orb.
     0 | D:1      | Reached XP level 1. HP: 15/15 MP: 3/3
   141 | D:1      | Reached skill level 2 in Spellcasting
   242 | D:1      | Reached XP level 2. HP: 22/22 MP: 0/5
   337 | D:1      | Reached skill level 5 in Earth Magic
   481 | D:1      | Learned a level 2 spell: Passwall
   562 | D:2      | Reached XP level 3. HP: 28/28 MP: 1/6
   738 | D:2      | Noticed an ogre
   743 | D:2      | Killed an ogre
   743 | D:2      | Reached skill level 7 in Earth Magic
   743 | D:2      | Reached XP level 4. HP: 29/36 MP: 3/7
   807 | D:2      | Found a burning altar of Makhleb.
   813 | D:2      | Reached XP level 5. HP: 32/42 MP: 1/8
   819 | D:2      | Became a worshipper of Makhleb the Destroyer
   897 | D:3      | Reached skill level 8 in Earth Magic
   941 | D:3      | Reached XP level 6. HP: 36/49 MP: 2/9
   977 | D:3      | Reached skill level 9 in Earth Magic
  1039 | D:3      | Reached * piety under Makhleb
  1084 | D:3      | Found an iron altar of Okawaru.
  1102 | D:3      | HP: 12/49 [goblin (1)]
  1232 | D:4      | HP: 8/49 [worker ant (4)]
  1358 | D:4      | HP: 11/49 [adder (1)]
  1359 | D:4      | Reached skill level 10 in Earth Magic
  1367 | D:4      | Found a glowing drain.
  1373 | Sewer    | Entered a sewer
  1389 | Sewer    | HP: 9/49 [big kobold/stone (2)]
  1394 | Sewer    | HP: 6/49 [big kobold/+0 dagger (3)]
  1395 | Sewer    | Reached XP level 7. HP: 12/55 MP: 3/10
  1498 | Sewer    | Reached ** piety under Makhleb
  1500 | Sewer    | Reached skill level 11 in Earth Magic
  1665 | D:4      | Found a runed translucent gate.
  1665 | D:4      | Found a runed translucent gate.
  1665 | D:4      | Found a runed translucent gate.
  1666 | D:4      | Found an opulent altar of Gozag.
  1667 | D:4      | Noticed p0werm0de's ghost (amateur GrFi)
  1761 | D:4      | Learned a level 5 spell: Lee's Rapid Deconstruction
  1763 | D:4      | Learned a level 1 spell: Apportation
  1770 | D:5      | Entered Level 5 of the Dungeon
  1918 | D:5      | Found a shadowy altar of Dithmenos.
  1957 | D:5      | Reached skill level 12 in Earth Magic
  2274 | D:3      | Reached *** piety under Makhleb
  2398 | D:6      | Reached skill level 1 in Translocations
  2398 | D:6      | Reached XP level 8. HP: 62/62 MP: 8/11
  2426 | D:6      | Found a staircase to the Ecumenical Temple.
  2437 | Temple   | Entered the Ecumenical Temple
  2514 | D:6      | Found an iron altar of Okawaru.
  2530 | D:6      | Noticed Eustachio
  2534 | D:6      | Killed Eustachio
  2534 | D:6      | Reached skill level 2 in Translocations
  2570 | D:6      | Reached skill level 3 in Translocations
  2617 | D:6      | Reached skill level 13 in Earth Magic
  2702 | D:7      | Found a burning altar of Makhleb.
  2744 | D:7      | Reached skill level 3 in Spellcasting
  2815 | D:7      | Found a blossoming altar of Fedhas.
  3002 | D:7      | Reached skill level 4 in Spellcasting
  3046 | D:8      | Learned a level 3 spell: Stone Arrow
  3167 | D:8      | Gained mutation: You passively map the area around you.
                  | [Deep Dwarf growth]
  3167 | D:8      | Reached XP level 9. HP: 60/68 MP: 10/15
  3278 | D:8      | Reached skill level 5 in Spellcasting
  3283 | D:8      | Reached skill level 6 in Spellcasting
  3316 | D:8      | Found a radiant altar of Vehumet.
  3437 | D:9      | Noticed a two-headed ogre
  3441 | D:9      | Reached **** piety under Makhleb
  3446 | D:9      | Killed a two-headed ogre
  3446 | D:9      | Reached skill level 7 in Spellcasting
  3492 | D:9      | Found a shimmering blue altar of Sif Muna.
  3519 | D:9      | Identified Sif Muna's Almanac of Flames
  3566 | D:9      | Reached skill level 8 in Spellcasting
  3598 | D:9      | Reached XP level 10. HP: 53/75 MP: 0/22
  3617 | D:9      | Noticed a two-headed ogre
  3625 | D:9      | Killed a two-headed ogre
  3625 | D:9      | Reached skill level 9 in Spellcasting
  3669 | D:9      | Noticed Harold
  3679 | D:9      | HP: 3/75 [Harold/+0 flail (16)]
  3683 | D:9      | Killed from afar by a worker ant

Illustrated notes

Levels and vault maps discovered:
D:1:      dpeg_arrival_prison, layout_loops_ring
D:2:      layout_rooms, roderic_serpentine_path, makhleb_heckhound_becter
D:3:      layout_basic, okawaru_altar_gauntlet_db, minmay_stone_trees_small
D:4:      layout_rooms, ebering_ghost_gozag, gup_sewer_entry_bubbles
D:5:      layout_cave_pools, lemuel_coloured_pillars_altar
D:6:      layout_loops_ring, minmay_temple_entry_statues_fountains, basic_altar,
          kennysheep_generic_room_14, uniq_eustachio
D:7:      layout_basic, overflow_temple_1_default, minmay_misc_feat_iff,
          fedhas_altar_1
D:8:      layout_basic, kennysheep_mini
D:9:      minmay_klotski, layout_cave_pools, mrwooster_statue_mirror,
          led_sif_book, uniq_harold
Temple:   compressed_dpeg_circular_temple

Skill      XL: |  1  2  3  4  5  6  7  8  9 10 |
---------------+-------------------------------+-----
Spellcasting   | 2 4 8 9 |  9.5
Earth Magic    | 5 7 8 10 12 13 | 13.1
Translocations | 1 3 |  3.0
Dodging        | |  2.1
Stealth        | |  2.4
Transmutations | |  0.8

Action                   |  1- 3 |  4- 6 |  7- 9 | 10-12 || total
-------------------------+-------+-------+-------+-------++-------
Melee: Unarmed           |     4 |       |       |       ||     4
       Dagger            |     7 |    48 |    64 |     3 ||   122
       Club              |     5 |       |       |       ||     5
 Cast: Sandblast         |    47 |    70 |   170 |    13 ||   300
       Passwall          |     2 |     4 |    30 |       ||    36
       Apportation       |       |       |    21 |       ||    21
Evoke: Wand              |       |       |     1 |       ||     1
  Use: Scroll            |       |     2 |     3 |     2 ||     7
       Potion            |       |     3 |       |     2 ||     5
 Stab: Sleeping          |     1 |       |     1 |       ||     2
Armor: Leather armour    |    17 |    40 |    20 |       ||    77
       Robe              |     1 |       |       |       ||     1
       Ring mail         |       |       |    19 |    15 ||    34
Dodge: Dodged            |    40 |    68 |    83 |    10 ||   201

Table legend: (Time is in decaauts)
 A = Elapsed time spent in this place.
 B = Non-inter-level travel time spent in this place.
 C = Inter-level travel time spent in this place.
 D = Time resting spent in this place.
 E = Time spent auto-exploring this place.
 F = Levels seen in this place.
 G = Mean time per level.
                   A        B        C        D        E       F      G
               +--------+--------+--------+--------+--------+-----+--------+
         Total |   3678 |   3678 |      0 |      0 |      0 |  11 |  334.4 |
       Dungeon |   3399 |   3399 |      0 |      0 |      0 |   9 |  377.7 |
        Temple |      1 |      1 |      0 |      0 |      0 |   1 |    1.0 |
         Sewer |    276 |    276 |      0 |      0 |      0 |   1 |  276.0 |
               +--------+--------+--------+--------+--------+-----+--------+

Top non-repeatable levels by time:
     D:3: 517 daAuts
     D:1: 502 daAuts
     D:4: 404 daAuts
     D:2: 394 daAuts
     D:8: 390 daAuts
     D:7: 342 daAuts
     D:6: 312 daAuts
     D:5: 292 daAuts
   Sewer: 276 daAuts
     D:9: 244 daAuts
  Temple: 1 daAuts

Table legend:
 A = Kills in this place as a percentage of kills in entire the game.
 B = Kills by you in this place as a percentage of kills by you in the entire game.
 C = Kills by friends in this place as a percentage of kills by friends in the entire game.
 D = Other kills in this place as a percentage of other kills in the entire game.
 E = Experience gained in this place as a percentage of experience gained in the entire game.
 F = Experience gained in this place divided by the number of levels of this place that you have seen.
                   A       B       C       D       E      F
               +-------+-------+-------+-------+-------+----------------------
         Total | 100.0 | 100.0 |   N/A |   N/A | 100.0 | 648.8
       Dungeon |  88.7 |  88.7 |   N/A |   N/A |  94.0 | 745.1
         Sewer |  11.3 |  11.3 |   N/A |   N/A |   6.0 | 431.0
               +-------+-------+-------+-------+-------+----------------------
